 Dungeon Crawl Stone Soup version 0.28-a0-1524-ge72afd5fc6 (webtiles) character file.

Game seed: 6665941961908963499

7 knot the Chopper (level 1, 0/27 HPs)
             Began as a Demonspawn Berserker on Jan 18, 2022.
             Was a Follower of Trog.
             Slain by a gnoll (7 damage)
             ... on level 1 of the Dungeon.
             The game lasted 00:00:11 (374 turns).

knot the Chopper (Demonspawn Berserker)              Turns: 374, Time: 00:00:12

Health: 0/27       AC:  2    Str: 17    XL:     1   Next: 91%
Magic:  1/1        EV: 12    Int:  8    God:    Trog [*.....]
Gold:   0          SH:  0    Dex: 12    Spells: 0/0 levels left

rFire   . . .      SeeInvis .   a - +0 hand axe
rCold   . . .      Faith    .   (no shield)
rNeg    . . .      Spirit   .   b - +0 animal skin
rPois   .          Reflect  .   (no helmet)
rElec   .          Harm     .   (no cloak)
rCorr   .          Rampage  .   (no gloves)
Will    .....                   (no boots)
Stlth   ..........              (no amulet)
HPRegen 0.09/turn               (no ring)
MPRegen 0.07/turn               (no ring)

@: berserking, very quick
A: no striking features
a: Renounce Religion, Berserk


You were on level 1 of the Dungeon.
You worshipped Trog.
Trog was aware of your devotion.
You visited 1 branch of the dungeon, and saw 1 of its levels.

Inventory:

Hand Weapons
 a - a +0 hand axe (weapon)
Armour
 b - a +0 animal skin (worn)
Potions
 c - a potion of degeneration {unknown}


   Skills:
 - Level 3.0 Fighting
 + Level 3.2 Axes
 - Level 1.7 Armour
 - Level 1.7 Dodging


You couldn't memorise any spells.
You didn't know any spells.
Your spell library was empty.

Dungeon Overview and Level Annotations

Branches:
Dungeon (1/15)

Altars:


Message History

The frilled lizard hisses angrily.
You see here a ball python corpse.
A frilled lizard is nearby!
A frilled lizard is nearby!
The frilled lizard bites you.
You miss the frilled lizard. The frilled lizard bites you.
The frilled lizard closely misses you.
You hit the frilled lizard.
You kill the frilled lizard!
Trog accepts your kill.
No target in view!
No target in view!
Things that are here:
a +3 hunting sling; a frilled lizard corpse A hobgoblin comes into view.
The hobgoblin shouts!
A gnoll comes into view. It is wielding a +0 spear.
A frilled lizard comes into view.
There are monsters nearby!
The frilled lizard hisses angrily.
The gnoll shouts!
You hit the hobgoblin.
The hobgoblin is heavily wounded.
The hobgoblin hits you.
An endoplasm comes into view.
The gnoll hits you from afar with a +0 spear.
You closely miss the hobgoblin.
The hobgoblin is heavily wounded.
The hobgoblin barely misses you. The gnoll misses you. The hobgoblin hits you.
You are too injured to fight recklessly!
You are too injured to fight recklessly!
A red film seems to cover your vision as you go berserk!
You feel yourself moving faster!
You feel mighty!
The gnoll hits you from afar with a +0 spear.
* * * LOW HITPOINT WARNING * * *
The hobgoblin hits you.
* * * LOW HITPOINT WARNING * * *
You feel a strong urge to attack something.
You barely miss the gnoll. You closely miss the hobgoblin.
The gnoll hits you with a +0 spear!
You die...

.# ######### .#
#>...†.)##.#
#.#####..#.# #.#
##.#.# ########.#
#.#.####
...†.....######......#
...†...........g@....#
########.#######g#...#
#... .l....... #####
##.J####.. ##.# # ..
#.# .#


You could see a gnoll, an endoplasm, a hobgoblin and a frilled lizard.

Vanquished Creatures
  A ball python (D:1)
  A bat (D:1)
  An endoplasm (D:1)
  2 quokkas (D:1)
  A frilled lizard (D:1)
6 creatures vanquished.

Notes
Turn   | Place    | Note
-------+----------+-------------------------------------------
     0 | D:1      | knot the Demonspawn Berserker began the quest for the Orb.
     0 | D:1      | Reached XP level 1. HP: 18/18 MP: 1/1
   374 | D:1      | Slain by a gnoll

Illustrated notes

Levels and vault maps discovered:
D:1:      kennysheep_arrival_forest, layout_basic,
          dreamdust_ecumenical_altar_angels_and_demons, due_unseen_surprise

Skill      XL: |  1 |
---------------+----+-----
Axes           | 3 |  3.2
Fighting       | |  3.0
Armour         | |  1.7
Dodging        | |  1.7

Action                   || total
-------------------------++-------
Melee: Hand axe          ||    17
Invok: Berserk           ||     1
Armor: Animal skin       ||     2
Dodge: Dodged            ||     5

Table legend: (Time is in decaauts)
 A = Elapsed time spent in this place.
 B = Non-inter-level travel time spent in this place.
 C = Inter-level travel time spent in this place.
 D = Time resting spent in this place.
 E = Time spent auto-exploring this place.
 F = Levels seen in this place.
 G = Mean time per level.
                   A        B        C        D        E       F      G
               +--------+--------+--------+--------+--------+-----+--------+
         Total |    375 |    375 |      0 |      0 |    333 |   1 |  375.0 |
       Dungeon |    375 |    375 |      0 |      0 |    333 |   1 |  375.0 |
               +--------+--------+--------+--------+--------+-----+--------+

Top non-repeatable levels by time:
     D:1: 375 daAuts
